 Dungeon Crawl Stone Soup version 0.28-a0-1234-g826d19b2e0 (webtiles) character file.

Game seed: 1627303231958040951

492 SmokeWeed the Slasher (level 6, -2/52 HPs)
             Began as a Minotaur Gladiator on Dec 23, 2021.
             Slain by an orc (5 damage)
             ... on level 4 of the Dungeon on Dec 24, 2021.
             The game lasted 00:09:02 (3936 turns).

SmokeWeed the Slasher (Minotaur Gladiator)          Turns: 3936, Time: 00:09:02

Health: -2/52      AC:  5    Str: 21    XL:     6   Next: 91%
Magic:  5/5        EV: 12    Int:  5    God:
Gold:   91         SH:  0    Dex: 11    Spells: 5/5 levels left

rFire   . . .      SeeInvis .   a - +0 long sword
rCold   . . .      Faith    .   (no shield)
rNeg    . . .      Spirit   .   k - +0 ring mail
rPois   .          Reflect  .   c - +0 hat
rElec   .          Harm     .   (no cloak)
rCorr   .          Rampage  .   (no gloves)
Will    .....                   (no boots)
Stlth   +.........              (no amulet)
HPRegen 0.17/turn               (no ring)
MPRegen 0.09/turn               (no ring)

@: no status effects
A: horns 2, retaliatory headbutt
a: no special abilities


You were on level 4 of the Dungeon.
You visited 1 branch of the dungeon, and saw 4 of its levels.

You collected 91 gold pieces.

Inventory:

Hand Weapons
 a - a +0 long sword (weapon)
Missiles
 m - 2 throwing nets
 n - a boomerang (quivered)
Armour
 c - a +0 hat (worn)
 k - a +0 ring mail (worn)
Scrolls
 b - a scroll of vulnerability {unknown}
 d - a scroll of enchant weapon {unknown}
 e - 2 scrolls of fog {unknown}
 f - a scroll of fear {unknown}
 g - 2 scrolls of identify
 j - 2 scrolls of silence {unknown}
 p - a scroll of teleportation
Potions
 h - a potion of magic
 i - a potion of resistance {unknown}
 l - a potion of lignification {unknown}
 o - a potion of attraction {unknown}


   Skills:
 + Level 3.9 Fighting
 + Level 6.4 Long Blades
 + Level 2.3 Throwing
 + Level 4.0 Armour
 + Level 4.6 Dodging
 + Level 0.7 Stealth


You had 5 spell levels left.
You didn't know any spells.
Your spell library contained the following spells:

 Spells                   Type           Power      Damage    Failure   Level
 Animate Skeleton         Necr           0%         N/A       65%         1
 Apportation              Tloc           0%         N/A       65%         1
 Summon Small Mammal      Summ           0%         N/A       65%         1
 Ensorcelled Hibernation  Hex/Ice        0%         N/A       78%         2
 Tukima's Dance           Hex            0%         N/A       95%         3


Dungeon Overview and Level Annotations

Branches:
Dungeon (4/15)
 Temple: D:4-7

Altars:
Cheibriados
Elyvilon
Gozag
Kikubaaqudgha
Yredelemnul


Innate Abilities, Weirdness & Mutations

You have a pair of horns on your head.
You reflexively headbutt those who attack you in melee.


Message History

You kill the orc!
Throw: 2 boomerangs
Press: ? - help, Q - select action, (/) - cycle Shift-Dir - straight line, f - orc
Aim: an orc, wielding a +0 mace (57% to hit)
You throw a boomerang. The boomerang closely misses the orc.
The boomerang hits the orc but does no damage.
Throw: 2 boomerangs
Press: ? - help, Q - select action, (/) - cycle Shift-Dir - straight line, f/p - orc
Aim: an orc, wielding a +0 mace (57% to hit)
You throw a boomerang. The boomerang hits the orc.
The orc is moderately wounded.
The orc closely misses you. You furiously retaliate!
You headbutt the orc!
You kill the orc!
The orc hits you with a +0 mace.
The orc hits you from afar with a +0 trident.
* * * LOW HITPOINT WARNING * * *
Items here: ( )))))) [[ ††.
You hit the orc but do no damage. You headbutt the orc.
The orc is heavily wounded.
The orc closely misses you. The orc barely misses you. x2
You closely miss the orc. You headbutt the orc.
The orc is almost dead.
The orc hits you with a +2 dagger of pain.
* * * LOW HITPOINT WARNING * * *
The orc hits you with a +0 mace.
* * * LOW HITPOINT WARNING * * *
The orc barely misses you. The orc closely misses you.
The orc hits you with a +0 mace.
* * * LOW HITPOINT WARNING * * *
Throw: boomerang
Press: ? - help, Q - select action, (/) - cycle Shift-Dir - straight line, f/p - orc
Aim: an orc, wielding a +0 mace (severely wounded, 57% to hit)
You throw a boomerang. The boomerang barely misses the orc.
The boomerang hits the orc.
The orc is heavily wounded.
The orc hits you but does no damage.
You hit the orc. You headbutt the orc.
You kill the orc!
The orc hits you from afar with a +0 trident.
You die...

###### #....
##.#.### .
#..._..### ...
#..#.#....
....###.....#
......)))...#
......)@#...#
......##)o######..
.....#.#.o.......#
...##.#.........#
..#.##.....#####.
##.#.#.....#
#.#...)..#
.##...)..##
.........#


You could see 2 orcs.

Vanquished Creatures
  Grinder (D:3)
  2 orc priests
  Natasha (thrice) (D:2)
  Robin (D:3)
  4 adders
  2 worms (D:3)
  2 dart slugs
  19 orcs
  5 ball pythons
  7 bats
  10 endoplasms
  3 giant cockroaches
  15 goblins
  6 hobgoblins
  4 kobolds
  2 quokkas
  3 frilled lizards
  4 rats
93 creatures vanquished.

Vanquished Creatures (others)
  A human (D:3)
1 creature vanquished.

Grand Total: 94 creatures vanquished

Notes
Turn   | Place    | Note
-------+----------+-------------------------------------------
     0 | D:1      | SmokeWeed the Minotaur Gladiator began the quest for the
                  | Orb.
     0 | D:1      | Reached XP level 1. HP: 18/18 MP: 0/0
   226 | D:1      | Found a faded altar of an unknown god.
   234 | D:1      | Reached XP level 2. HP: 18/25 MP: 1/1
   553 | D:1      | Reached skill level 4 in Long Blades
  1302 | D:2      | Noticed Natasha
  1304 | D:2      | Killed Natasha
  1305 | D:2      | Reached skill level 1 in Armour
  1305 | D:2      | Reached XP level 3. HP: 30/30 MP: 2/2
  1455 | D:2      | Noticed Natasha
  1463 | D:2      | Killed Natasha
  1464 | D:2      | Reached XP level 4. HP: 27/38 MP: 3/3
  1645 | D:2      | Found a basalt altar of Yredelemnul.
  2003 | D:3      | Noticed Grinder
  2032 | D:2      | Noticed Natasha
  2049 | D:2      | Killed Natasha
  2231 | D:3      | Reached XP level 5. HP: 41/45 MP: 4/4
  2472 | D:3      | Noticed Robin
  2506 | D:3      | Reached skill level 5 in Long Blades
  2523 | D:3      | Killed Robin
  2973 | D:3      | Found an opulent altar of Gozag.
  3025 | D:3      | Killed Grinder
  3026 | D:3      | Reached skill level 6 in Long Blades
  3026 | D:3      | Reached XP level 6. HP: 27/52 MP: 5/5
  3252 | D:3      | Found an ancient bone altar of Kikubaaqudgha.
  3267 | D:3      | Noticed a human
  3268 | D:3      | Killed a human
  3688 | D:3      | Found a snail-covered altar of Cheibriados.
  3853 | D:4      | Found a white marble altar of Elyvilon.
  3933 | D:4      | HP: 2/52 [orc (3)]
  3936 | D:4      | Slain by an orc

Illustrated notes

Levels and vault maps discovered:
D:1:      psy_arrival_conway, layout_basic, shapermc_ecumenical_altar_gd,
          skrybe_limestone_x
D:2:      layout_basic, basic_altar, nicolae_underground_beach, uniq_natasha
D:3:      layout_basic, nicolae_overflow_crystal_walls, general_overflow_altar,
          tgw_kikubaaqudgha, uniq_grinder, uniq_robin
D:4:      layout_rooms, lemuel_crystal_altar, minmay_temple_entry_fiery,
          serial_curves, eino_curves_03, eino_curves_02, serial_shops, shop,
          minmay_misc_feat_secret_circle

Skill      XL: |  1  2  3  4  5  6 |
---------------+-------------------+-----
Long Blades    | 4 6 |  6.4
Armour         | 1 2 3 4 |  4.0
Dodging        | 4 |  4.6
Fighting       | 3 |  3.9
Throwing       | |  2.3
Stealth        | |  0.7

Action                   |  1- 3 |  4- 6 || total
-------------------------+-------+-------++-------
Melee: Long sword        |    53 |   109 ||   162
       Headbutt          |     8 |    26 ||    34
Throw: Throwing net      |       |     6 ||     6
       Boomerang         |       |     6 ||     6
  Use: Scroll            |       |     2 ||     2
Armor: Leather armour    |    17 |       ||    17
       Ring mail         |     7 |    33 ||    40
Dodge: Dodged            |    31 |    85 ||   116

Table legend: (Time is in decaauts)
 A = Elapsed time spent in this place.
 B = Non-inter-level travel time spent in this place.
 C = Inter-level travel time spent in this place.
 D = Time resting spent in this place.
 E = Time spent auto-exploring this place.
 F = Levels seen in this place.
 G = Mean time per level.
                   A        B        C        D        E       F      G
               +--------+--------+--------+--------+--------+-----+--------+
         Total |   3987 |   3728 |    259 |    449 |   2538 |   4 |  996.8 |
       Dungeon |   3987 |   3728 |    259 |    449 |   2538 |   4 |  996.8 |
               +--------+--------+--------+--------+--------+-----+--------+

Top non-repeatable levels by time:
     D:2: 1319 daAuts
     D:1: 1313 daAuts
     D:3: 1261 daAuts
     D:4: 93 daAuts
